 Dungeon Crawl Stone Soup version 0.18-a0-1485-g189885c (webtiles) character file.

42 uiiiytp the Bolt Thrower (level 3, -5/24 HPs)
             Began as a High Elf Hunter on Mar 3, 2016.
             Killed by divine providence
             ... invoked by an orc priest
              (9 damage)
             ... on level 3 of the Dungeon.
             The game lasted 00:14:42 (1884 turns).

uiiiytp the Bolt Thrower (High Elf Hunter)          Turns: 1884, Time: 00:14:48

Health: -5/24      AC:  3    Str: 11    XL:     3   Next: 35%
Magic:  4/4        EV: 12    Int: 13    God:
Gold:   101        SH:  0    Dex: 16    Spells: 0 memorised, 2 levels left

rFire  + . .     SeeInvis .     a - +1 hand crossbow
rCold  + . .     Gourm    .     c - +0 leather armour
rNeg   . . .     Faith    .     (no shield)
rPois  +         Spirit   .     (no helmet)
rElec  +         Dismiss  .     (no cloak)
rCorr  +         Reflect  .     (no gloves)
SustAt .         Harm     .     (no boots)
MR     .....                    (no amulet)
Stlth  ++........               (no ring)
                                w - -2 ring of intelligence (curse)

@: exhausted, resistant, slowed, very slow, not resistant to hostile
enchantments, unstealthy
A: no striking features
a: no special abilities


You were on level 3 of the Dungeon.
You were not hungry.

You visited 1 branch of the dungeon, and saw 3 of its levels.

You collected 101 gold pieces.

Inventory:

Hand Weapons
 a - a +1 hand crossbow (weapon)
 b - a +0 short sword
 g - a +0 short sword
 l - a +1 short sword of draining
 o - a +0 club
 r - a +0 spear
 s - a +0 spear
 u - a cursed -1 club
 v - a +0 hand axe
 z - a +0 dagger
 B - a +0 short sword
 D - a +0 dagger
 E - a +2 whip of venom
 F - a +0 club
 I - a +0 whip
Missiles
 d - 3 bolts (quivered)
 e - 133 stones
 q - 11 arrows
 x - 11 poisoned needles
 y - 8 sling bullets
Armour
 c - a +0 leather armour (worn)
 h - a +0 robe
 i - a +0 leather armour
 A - a +0 scale mail
Jewellery
 w - a cursed -2 ring of intelligence (left hand)
Scrolls
 j - 2 scrolls of teleportation
 m - a scroll of random uselessness {unknown}
 p - a scroll of fog {unknown}
 G - 2 scrolls of identify {unknown}
 H - a scroll of immolation {unknown}
 J - a scroll of enchant weapon {unknown}
Potions
 n - a potion of resistance
 C - a potion of lignification {unknown}
Comestibles
 f - a bread ration
 t - 3 meat rations


   Skills:
 + Level 2.0 Fighting
 + Level 5.1 Crossbows
 + Level 0.3 Armour
 + Level 2.3 Dodging
 + Level 1.1 Stealth


You had 2 spell levels left.
You didn't know any spells.

Dungeon Overview and Level Annotations

Branches:
Dungeon (3/15)

Altars:
Gozag


Message History

The orc hits you with a short sword.
* * * LOW HITPOINT WARNING * * *
You are too injured to fight recklessly!
You feel a strong urge to attack something.
You are too berserk!
You are too berserk!
You are too injured to fight recklessly!
You are too berserk!
You feel your anger subside. The orc hits you with a short sword.
* * * LOW HITPOINT WARNING * * *
Really attack while wielding your +1 hand crossbow?
You closely miss the orc. The orc completely misses you.
You clumsily bash the orc but do no damage.
You are no longer berserk.
You are exhausted.
You feel yourself slow down.
The orc priest invokes the aid of Beogh against you.
Beogh smites you!
You die...

#######.#
#()(....#
#o# #o#
#.###@#
#.....#
#####.#
#.# #.#
#.# #.#
#.# #.#


You could see an orc priest and an orc.

Vanquished Creatures
  An adder (D:2)
  A dart slug (D:2)
  A giant gecko (D:1)
  3 orcs (D:3)
  2 bats (D:2)
  A giant cockroach (D:2)
  2 goblins
  4 hobgoblins
  A giant newt (D:2)
  7 kobolds
  5 rats
28 creatures vanquished.

Notes
Turn   | Place    | Note
--------------------------------------------------------------
     0 | D:1      | uiiiytp the High Elf Hunter began the quest for the Orb.
     0 | D:1      | Reached XP level 1. HP: 14/14 MP: 2/2
   567 | D:1      | Reached XP level 2. HP: 19/19 MP: 3/3
  1228 | D:2      | Reached XP level 3. HP: 24/24 MP: 4/4
  1235 | D:2      | Found a faded altar to an unknown god.
  1382 | D:2      | Found an opulent altar of Gozag.
  1678 | D:2      | Reached skill level 5 in Crossbows
  1884 | D:3      | Killed from afar by an orc priest

Vault maps used:
D:1:      dpeg_arrival_three_smaller_balls
D:2:      wad_lake_hut, grunt_gozag_statues, ecumenical_altar_2,
          solitary_fountain

Skill      XL: |  1  2  3 |
---------------+----------+-----
Crossbows      | 5 |  5.1
Fighting       | |  2.0
Armour         | |  0.3
Dodging        | |  2.3
Stealth        | |  1.1

Action                   || total
-------------------------++-------
Melee: Short sword       ||    15
       Hand crossbow     ||     2
 Fire: Hand crossbow     ||    60
  Use: Potion            ||     2
       Scroll            ||     1
  Eat: Chunk             ||     2
       Bread ration      ||     1
